 Dungeon Crawl Stone Soup version 0.21.1-1-g345015f (webtiles) character file.

96721 anotherperson the Bludgeoner (level 16, -11/114 HPs)
             Began as a Gargoyle Fighter on May 25, 2018.
             Was the Champion of Okawaru.
             Killed by Shatter
             ... invoked by Jorgrun
              (45 damage)
             ... on level 3 of the Snake Pit.
             The game lasted 01:36:00 (24840 turns).

anotherperson the Bludgeoner (Gargoyle Fighter)    Turns: 24840, Time: 01:36:01

Health: -11/114    AC: 35    Str: 27    XL:     16   Next: 17%
Magic:  21/21      EV:  5    Int:  9    God:    Okawaru [******]
Gold:   1616       SH: 10    Dex:  9    Spells: 15/15 levels left

rFire    x . .     SeeInvis .   g - +0 eveningstar (crush)
rCold    + + +     Gourm    +   c - +1 shield
rNeg     + . .     Faith    .   Q - +0 plate armour
rPois    ∞         Spirit   .   R - +2 helmet "Jarotis" {rF- rC+++ Regen+ Slay-3}
rElec    +         Reflect  .   T - +2 cloak {+Inv}
rCorr    +         Harm     .   A - +0 pair of gloves {archery}
MR       ++...                  i - +0 pair of boots
Stlth    ..........             O - amulet of the gourmand
HPRegen  0.69/turn              I - ring of protection from magic
MPRegen  0.17/turn              j - ring of resist corrosion

@: flying
A: big wings, negative energy resistance 1, electricity resistance, unbreathing,
petrification resistance, rot immunity, AC +12
a: Stop Flying, Heroism, Finesse, Renounce Religion, Evoke Invisibility


You were on level 3 of the Snake Pit.
You worshipped Okawaru.
Okawaru was exalted by your worship.
You were very hungry.

You visited 4 branches of the dungeon, and saw 24 of its levels.
You also visited: Bailey.

You collected 1616 gold pieces.

Inventory:

Hand Weapons
 g - a +0 eveningstar of crushing (weapon)
Armour
 c - a +1 shield (worn)
 i - a +0 pair of boots (worn)
 A - a +0 pair of gloves of archery (worn)
 Q - a +0 plate armour (worn)
 R - the +2 helmet "Jarotis" (worn) {rF- rC+++ Regen+ Slay-3}
   (Okawaru gifted it to you on level 3 of the Lair of Beasts)

   It affects your accuracy and damage with ranged weapons and melee attacks
   (-3).
   It makes you vulnerable to fire.
   It renders you almost immune to cold.
   It increases your rate of regeneration.
 T - a +2 cloak of invisibility (worn)
Jewellery
 j - a ring of resist corrosion (right hand)
 o - an uncursed amulet of magic regeneration
 q - a +4 ring of protection
 z - an uncursed ring of protection from cold
 F - an uncursed ring of ice
 H - a +2 ring of evasion
 I - a ring of protection from magic (left hand)
 O - an amulet of the gourmand (around neck)
Wands
 e - a wand of flame (26)
 n - a wand of iceblast (51)
 v - a wand of disintegration (9)
 w - a wand of paralysis (43)
 x - a wand of random effects (52)
 E - a wand of digging (16)
 P - a wand of acid (23)
Scrolls
 l - 11 scrolls of remove curse
 r - 6 scrolls of identify
 s - 11 scrolls of teleportation
 y - a scroll of blinking
 C - 3 scrolls of magic mapping
 D - a scroll of enchant weapon
 J - 2 scrolls of fog
 U - 2 scrolls of enchant armour
 V - a scroll of amnesia
Potions
 a - a potion of berserk rage
 b - a potion of haste
 d - a potion of invisibility
 h - a potion of magic
 m - 2 potions of heal wounds
 t - 2 potions of mutation
 u - 3 potions of might
 G - 2 potions of brilliance
 K - 2 potions of resistance
 M - 2 potions of ambrosia
 N - 4 potions of agility
 S - 3 potions of cancellation
 W - 4 potions of curing
Books
 k - a book of Changes

   Spells                             Type                      Level
   a - Beastly Appendage              Transmutation                1
   b - Sticks to Snakes               Transmutation                2
   c - Spider Form                    Transmutation/Poison         3
   d - Ice Form                       Ice/Transmutation            4
   e - Blade Hands                    Transmutation                5
Miscellaneous
 B - a lamp of fire
Comestibles
 f - 29 rations


   Skills:
 * Level 17.7 Fighting
 + Level 19.1 Maces & Flails
 + Level 9.0 Armour
 - Level 1.3 Dodging
 - Level 0.1 Stealth
 - Level 3.2 Shields
 + Level 7.9 Invocations


You had 15 spell levels left.
You didn't know any spells.

Dungeon Overview and Level Annotations

Branches:
Dungeon (14/15)            Temple (1/1) D:4            Lair (6/6) D:10
 Shoals (0/4) Lair:2        Snake (3/4) Lair:4        Slime (0/5) Lair:6
    Orc (0/2) D:9          Vaults (0/5) D:14

Altars:
Cheibriados
Dithmenos
Elyvilon
Fedhas
Gozag
Hepliaklqana
Kikubaaqudgha
Makhleb
Nemelex Xobeh
Okawaru
Qazlal
Ru
Sif Muna
Uskayaw
Wu Jian
Xom
Yredelemnul
Zin
The Shining One

Shops:
D:5 =   D:6 }

Portals:
Trove: D:12 (give 7 potions of haste)

Annotations:
D:14 1 runed door
Snake:3 Jorgrun


Innate Abilities, Weirdness & Mutations

You are resistant to torment.
Your stone body is resilient. (AC +12)
You are immune to poison.
Your large and strong wings let you fly indefinitely.
You resist negative energy. (rN+)
You are resistant to electric shocks. (rElec)
You can survive without breathing.
You are immune to petrification.
You are immune to rotting.


Message History

The dungeon rumbles around Jorgrun!
You shudder from the earth-shattering force.
* * * LOW HITPOINT WARNING * * *
Ka-crash!
You hear a shout! x2; You hear an angry hiss.
You hear a shout! x4
You are too injured to fight recklessly!
You are too injured to fight recklessly!
You are too injured to fight recklessly!
You are too injured to fight recklessly!
You are too injured to fight recklessly!
You are too injured to fight recklessly!
You are too injured to fight recklessly!
You are too injured to fight recklessly!
The naga sharpshooter casts a spell.
The naga sharpshooter magically shoots a bolt.
You block the bolt.
You see here a bolt.
Jorgrun casts a spell.
The dungeon rumbles around Jorgrun!
You shudder from the earth-shattering force.
You die...

..# # #.## .##
###..###..# ##
##.#.......##
##..#.....#.....##
#.$....<...#......
..............%...
.....###@.()......
.....##.((..?.....
..# #...g........#
................##
..#....N#.#....# .
#.....#<.....#
#......####....#
......... ....
.....!...


You could see Jorgrun and a naga sharpshooter.

Vanquished Creatures
  6 naga warriors
  3 hydras
  4 catoblepae
  3 anacondas
  3 two-headed ogres
  3 centaur warriors
  2 dancing weapons (D:14)
  A death knight (D:14)
  6 death yaks (Lair:6)
  4 naga sharpshooters
  2 shock serpents (Snake:2)
  A skeletal warrior (D:12)
  2 unseen horrors
  4 naga ritualists
  An orc knight (Bailey)
  A salamander (Snake:3)
  6 mana vipers
  3 manticores
  2 deep elf magi
  3 elephants (Lair:6)
  2 ugly things
  A guardian serpent (Snake:2)
  3 cyclopes
  The ghost of olivier the Cudgeler, a novice GrFi (D:6)
  16 black mambas
  14 naga magi
  11 spiny frogs
  4 kobold demonologists
  An efreet (D:13)
  6 komodo dragons
  A rime drake (Lair:4)
  3 yaktaurs (D:10)
  5 trolls
  A queen bee (Lair:4)
  2 polar bears
  Prince Ribbit (D:8)
  A meliai (shapeshifter) (D:14)
  3 meliai (Lair:4)
  10 hippogriffs
  27 blink frogs
  A slime creature (Lair:6)
  A shadow (D:11)
  Sigmund (D:3)
  A wraith (D:11)
  2 vampires
  4 fire bats (Lair:4)
  3 wyverns
  5 basilisks
  75 yaks
  3 hogs (D:7)
  A human (D:7)
  4 hungry ghosts
  Grum (D:10)
  5 vampire mosquitoes
  The ghost of RedG the Shooter, an amateur HaHu (D:4)
  26 nagas
  12 water moccasins
  12 porcupines
  2 hell hounds (D:10)
  14 orc warriors
  5 ice beasts
  A black bear (Lair:3)
  3 phantoms
  2 ogres
  4 sky beasts
  The ghost of RollingDesktops the Grasshopper, an amateur GnWr of Gozag (D:3)
  38 wolves
  9 centaurs
  17 crocodiles
  9 big kobolds
  20 bullfrogs
  2 wyvern skeletons
  5 scorpions
  5 wights (D:6)
  20 killer bees (Lair:4)
  11 howler monkeys
  10 jellies
  7 crimson imps
  2 bullfrog zombies
  A centaur skeleton (D:12)
  An orc priest (D:7)
  2 bullfrog skeletons
  Terence (D:3)
  An iguana (D:6)
  9 worker ants
  10 orc wizards
  A killer bee zombie (D:10)
  A hound skeleton (D:4)
  A howler monkey zombie (D:4)
  A worker ant zombie (D:11)
  26 gnolls
  13 adders
  A river rat (D:11)
  A shadow imp (D:10)
  2 oozes (D:2)
  An adder zombie (D:6)
  2 adder skeletons
  2 worms (D:2)
  5 dart slugs
  5 leopard geckos
  53 orcs
  7 giant cockroaches
  35 goblins
  15 hobgoblins
  12 jackals
  4 quokkas
  3 ball pythons
  A bat (D:1)
  A frilled lizard (D:1)
  37 kobolds
  A quokka zombie (D:5)
  5 rats
  A fungus (Lair:6)
780 creatures vanquished.

Vanquished Creatures (others)
  A naga warrior (Snake:1)
  An orc (D:13)
  5 fungi
  8 plants (Lair:4)
15 creatures vanquished.

Grand Total: 795 creatures vanquished

Notes
Turn   | Place    | Note
-------+----------+-------------------------------------------
     0 | D:1      | anotherperson the Gargoyle Fighter began the quest for the Orb.
     0 | D:1      | Reached XP level 1. HP: 14/14 MP: 1/1
   168 | D:1      | Reached XP level 2. HP: 20/20 MP: 2/2
   363 | D:1      | Reached XP level 3. HP: 22/24 MP: 3/3
   395 | D:1      | Reached skill level 3 in Maces & Flails
  1073 | D:2      | Reached XP level 4. HP: 19/29 MP: 4/4
  1613 | D:2      | Found a burning altar of Makhleb.
  1651 | D:2      | Reached skill level 4 in Maces & Flails
  1669 | D:2      | Reached XP level 5. HP: 22/33 MP: 5/5
  2043 | D:3      | Found a snail-covered altar of Cheibriados.
  2090 | D:3      | Noticed RollingDesktops's ghost (amateur GnWr)
  2111 | D:3      | Noticed Sigmund
  2195 | D:3      | Killed Sigmund
  2195 | D:3      | Reached skill level 5 in Maces & Flails
  2195 | D:3      | Reached skill level 1 in Dodging
  2195 | D:3      | Reached XP level 6. HP: 10/39 MP: 6/6
  2566 | D:3      | Killed RollingDesktops's ghost
  2566 | D:3      | Reached skill level 6 in Maces & Flails
  2802 | D:3      | Noticed Terence
  2828 | D:3      | Killed Terence
  2828 | D:3      | Reached XP level 7. HP: 43/44 MP: 7/7
  3191 | D:4      | Found a staircase to the Ecumenical Temple.
  3217 | Temple   | Entered the Ecumenical Temple
  3230 | Temple   | Became a worshipper of Warmaster Okawaru
  3260 | D:4      | Reached skill level 5 in Fighting
  3361 | D:4      | Reached skill level 7 in Maces & Flails
  3715 | D:4      | Noticed RedG's ghost (amateur HaHu)
  3754 | D:4      | Killed RedG's ghost
  3754 | D:4      | Reached * piety under Okawaru
  3754 | D:4      | Reached XP level 8. HP: 28/51 MP: 8/8
  4247 | D:5      | Entered Level 5 of the Dungeon
  4364 | D:5      | Reached skill level 8 in Maces & Flails
  4433 | D:5      | Got a crude granite ring
  4435 | D:5      | Identified the cursed ring of Yptounn {Str-2 Int+3 Dex-2 SInv} (You found it on level 5 of the Dungeon)
  4701 | D:5      | Found Dimnifeeny's Jewellery Boutique.
  5079 | D:6      | Found a blossoming altar of Fedhas.
  5079 | D:6      | Found an ancient bone altar of Kikubaaqudgha.
  5079 | D:6      | Found a sparkling altar of Nemelex Xobeh.
  5079 | D:6      | Found an ornate altar of the Wu Jian Council.
  5079 | D:6      | Found a snail-covered altar of Cheibriados.
  5079 | D:6      | Found a deep blue altar of Sif Muna.
  5082 | D:6      | Noticed olivier's ghost (novice GrFi)
  5325 | D:6      | Killed olivier's ghost
  5325 | D:6      | Reached ** piety under Okawaru
  5325 | D:6      | Reached skill level 9 in Maces & Flails
  5325 | D:6      | Reached XP level 9. HP: 56/57 MP: 9/9
  5481 | D:6      | Reached skill level 10 in Maces & Flails
  5674 | D:6      | Found Othrusit's Gadget Boutique.
  5780 | D:6      | Got a faintly humming chain mail
  5791 | D:6      | Identified the +4 chain mail of Free Will {Str-5 Dex+7} (You found it on level 6 of the Dungeon)
  5889 | D:7      | Reached *** piety under Okawaru
  6064 | D:7      | Reached skill level 11 in Maces & Flails
  6175 | D:7      | Found a glowing golden altar of the Shining One.
  6175 | D:7      | Found a glowing silver altar of Zin.
  6175 | D:7      | Found a white marble altar of Elyvilon.
  6529 | D:7      | Reached XP level 10. HP: 53/65 MP: 10/10
  6534 | D:7      | Reached **** piety under Okawaru
  6728 | D:8      | Reached skill level 12 in Maces & Flails
  6733 | D:8      | Noticed Prince Ribbit
  6815 | D:8      | Killed Prince Ribbit
  6847 | D:8      | Noticed a two-headed ogre
  6860 | D:8      | Killed a two-headed ogre
  6860 | D:8      | Reached ***** piety under Okawaru
  6860 | D:8      | Reached skill level 10 in Fighting
  7068 | D:8      | Noticed a two-headed ogre
  7087 | D:8      | Killed a two-headed ogre
  7087 | D:8      | Received a gift from Okawaru
  7712 | D:8      | Reached skill level 13 in Maces & Flails
  7713 | D:8      | Paralysed by fainting for 10 turns
  7740 | D:9      | Noticed a manticore
  7772 | D:8      | Reached XP level 11. HP: 29/73 MP: 11/11
  7998 | D:8      | Killed a manticore
  8570 | D:9      | Found a staircase to the Orcish Mines.
  8753 | D:10     | Entered Level 10 of the Dungeon
  9116 | D:10     | Noticed Grum
  9146 | D:10     | Killed Grum
  9146 | D:10     | Reached skill level 14 in Maces & Flails
  9379 | D:10     | Found a staircase to the Lair.
  9487 | D:11     | Noticed a cyclops
  9499 | D:11     | Killed a cyclops
  9881 | D:11     | Received a gift from Okawaru
 10153 | D:11     | Noticed a catoblepas
 10176 | D:11     | Killed a catoblepas
 10176 | D:11     | Reached skill level 15 in Maces & Flails
 10176 | D:11     | Reached XP level 12. HP: 58/81 MP: 12/12
 10251 | D:11     | Noticed a centaur warrior
 10265 | D:11     | Killed a centaur warrior
 10421 | D:12     | Reached ****** piety under Okawaru
 10438 | D:12     | Received a gift from Okawaru
 10677 | D:12     | Found a flagged portal.
 10723 | Bailey   | Entered a bailey
 11330 | Bailey   | Noticed an orc warlord
 11859 | D:12     | Identified 2 scrolls of acquirement
 12672 | D:12     | Found a portal to a secret trove of treasure.
 12915 | D:12     | Reached skill level 16 in Maces & Flails
 12919 | D:12     | Noticed a soul eater
 13321 | D:13     | Noticed a centaur warrior
 13338 | D:13     | Killed a centaur warrior
 13338 | D:13     | Received a gift from Okawaru
 13406 | D:13     | Noticed a two-headed ogre
 13417 | D:13     | Killed a two-headed ogre
 13461 | D:13     | Noticed a centaur warrior
 13485 | D:13     | Killed a centaur warrior
 13485 | D:13     | Reached XP level 13. HP: 62/88 MP: 13/13
 14044 | D:14     | Reached skill level 17 in Maces & Flails
 14314 | D:14     | Found a gate to the Vaults.
 14434 | D:14     | Found a runed door.
 14539 | D:14     | Noticed a deep elf high priest
 14540 | D:14     | Noticed a storm dragon
 14898 | Lair:1   | Entered Level 1 of the Lair of Beasts
 15650 | Lair:2   | Found a staircase to the Shoals.
 15655 | Lair:2   | Received a gift from Okawaru
 16479 | Lair:3   | Reached skill level 18 in Maces & Flails
 16628 | Lair:3   | Gained mutation: Your large and strong wings let you fly indefinitely. [Gargoyle growth]
 16628 | Lair:3   | Reached XP level 14. HP: 59/96 MP: 14/14
 16856 | Lair:3   | Received a gift from Okawaru
 16859 | Lair:3   | Got an encrusted helmet {god gift}
 16870 | Lair:3   | Identified the +2 helmet "Jarotis" {rF- rC+++ Regen+ Slay-3} (Okawaru gifted it to you on level 3 of the Lair of Beasts)
 17639 | Lair:3   | Reached skill level 1 in Invocations
 17741 | Lair:4   | Found a staircase to the Snake Pit.
 17743 | Lair:4   | Reached skill level 15 in Fighting
 18060 | Lair:4   | Reached skill level 5 in Armour
 19599 | Lair:5   | Received a gift from Okawaru
 20056 | Lair:6   | Entered Level 6 of the Lair of Beasts
 20712 | Lair:6   | Reached skill level 5 in Invocations
 20712 | Lair:6   | Reached XP level 15. HP: 82/104 MP: 18/18
 20745 | Lair:6   | Received a gift from Okawaru
 21498 | Lair:6   | Found a staircase to the Slime Pits.
 22086 | Snake:1  | Entered Level 1 of the Snake Pit
 22150 | Snake:1  | Received a gift from Okawaru
 23805 | Snake:2  | Reached skill level 19 in Maces & Flails
 24018 | Snake:2  | Reached XP level 16. HP: 102/112 MP: 14/21
 24149 | Snake:2  | Received a gift from Okawaru
 24185 | Snake:2  | Paralysed by fainting for 8 turns
 24194 | Snake:2  | Paralysed by fainting for 5 turns
 24831 | Snake:3  | Noticed Jorgrun
 24840 | Snake:3  | Killed from afar by Jorgrun

Skill      XL: |  1  2  3  4  5  6  7  8  9 10 11 12 13 14 15 16 |
---------------+-------------------------------------------------+-----
Maces & Flails | 3 4 5 6 7 9 11 13 15 16 18 19 | 19.1
Fighting       | 4 5 7 8 10 12 13 14 16 17 | 17.7
Dodging        | 1 |  1.3
Armour         | 6 8 9 |  9.0
Invocations    | 5 7 |  7.9
Stealth        | |  0.1
Shields        | |  3.2

Action                   |  1- 3 |  4- 6 |  7- 9 | 10-12 | 13-15 | 16-18 || total
-------------------------+-------+-------+-------+-------+-------+-------++-------
Melee: Flail             |   124 |   210 |   538 |  1349 |   163 |       ||  2384
       Eveningstar       |       |       |       |       |  1673 |   157 ||  1830
 Abil: Fly               |       |       |       |       |     1 |       ||     1
Evoke: Wand              |       |       |     1 |       |     1 |       ||     2
  Use: Potion            |       |     1 |       |     4 |     1 |       ||     6
       Scroll            |       |       |    13 |    13 |    16 |     1 ||    43
 Stab: Petrified         |       |       |       |     4 |       |       ||     4
  Eat: Chunk             |       |     6 |     8 |     4 |    17 |       ||    35
       Ration            |       |       |     3 |     9 |     5 |     1 ||    18
Armor: Scale mail        |    95 |   122 |   209 |       |       |       ||   426
       Chain mail        |       |       |    74 |   818 |   218 |       ||  1110
       Plate armour      |       |       |       |       |  1523 |   118 ||  1641
Dodge: Dodged            |    58 |    67 |   151 |   289 |   463 |    19 ||  1047
Block: Shield            |    74 |   111 |   243 |   665 |  1256 |    69 ||  2418
